 Dungeon Crawl Stone Soup version 0.24-a0-584-g9d6b971ae4 (webtiles) character file.

Game seed: 3270808582414362121, levelgen mode: deterministic

45 Mithandil the Skirmisher (level 3, 0/29 HPs)
             Began as a Demonspawn Abyssal Knight on Sept 6, 2019.
             Was a Follower of Lugonu.
             Splashed by a jelly's acid (8 damage)
             ... on level 1 of the Dungeon.
             The game lasted 00:05:22 (753 turns).

Mithandil the Skirmisher (Demonspawn Abyssal Knight) Turns: 753, Time: 00:05:24

Health: 0/29       AC:  2    Str: 16    XL:     3   Next: 42%
Magic:  5/5        EV:  9    Int: 13    God:    Lugonu [*.....]
Gold:   77         SH:  0    Dex: 12    Spells: 2/2 levels left

rFire    . . .     SeeInvis .   a - +1 falchion
rCold    . . .     Gourm    .   (no shield)
rNeg     . . .     Faith    .   h - +0 scale mail
rPois    .         Spirit   .   (no helmet)
rElec    .         Reflect  .   (no cloak)
rCorr    .         Harm     .   (no gloves)
MR       .....                  (no boots)
Stlth    ..........             (no amulet)
HPRegen  0.09/turn              i - +3 ring of strength
MPRegen  0.09/turn              (no ring)

@: corroded
A: talons 1
a: Depart the Abyss, Renounce Religion


You were on level 1 of the Dungeon.
You worshipped Lugonu.
Lugonu was aware of your devotion.
You were not hungry.

You visited 1 branch of the dungeon, and saw 2 of its levels.
You visited the Abyss 1 time.

You collected 77 gold pieces.

Inventory:

Hand Weapons
 a - a +1 falchion (weapon)
 b - a +0 short sword
 g - a cursed -3 hunting sling
 q - a +4 whip
Missiles
 d - 15 poisoned darts (quivered)
 e - 39 stones
 l - 12 sling bullets
 m - 8 boomerangs
Armour
 h - a +0 scale mail (worn)
 k - a +0 leather armour
Jewellery
 i - a +3 ring of strength (left hand)
Scrolls
 f - a scroll of fear {unknown}
 n - a scroll of enchant weapon {unknown}
 o - a scroll of teleportation {unknown}
 p - 2 scrolls of remove curse {unknown}
Potions
 j - 3 potions of haste
Comestibles
 c - 2 rations


   Skills:
 * Level 3.5 Fighting
 * Level 2.3 Long Blades
 + Level 2.0 Armour
 + Level 1.1 Dodging
 + Level 0.8 Stealth
 + Level 2.9 Invocations


You had 2 spell levels left.
You didn't know any spells.
Your spell library was empty.

Dungeon Overview and Level Annotations

Branches:
Dungeon (2/15)

Altars:
Gozag

Shops:
D:2 *


Innate Abilities, Weirdness & Mutations

You have sharp toenails.


Message History

You kill the ooze!
Lugonu accepts your kill. The jackal closely misses you.
You riposte.
You closely miss the jackal. Your kick misses the jackal. You hit the jelly.
Your hands burn!
The jelly is moderately wounded.
The jackal barely misses you. The jelly hits you but does no damage.
The jackal barely misses you.
You riposte.
You barely miss the jackal. The jelly hits you but does no damage.
You hit the jelly.
Your hands burn!
You claw the jelly.
The jelly is heavily wounded.
The jackal closely misses you. The jelly hits you but does no damage.
The jackal bites you.
You hit the jelly.
Your hands burn!
You claw the jelly.
The jelly is almost dead.
The jackal bites you but does no damage.
The jelly hits you.
* * * LOW HITPOINT WARNING * * *
The acid corrodes you!
You are splashed with acid!
You die...

...#
#...............#........)
...#
#.#######..##########.#.#)
#### #.................#
#.#... ....
#.###############.###.####
....
#.#.............#.#.......
....
#.#.............#.#.#.####
####
#.#......rw.....#.#.#...
#.#######J#######.#.#..##
..
#.#.....†@h.....#.#.#..#.#
..#
#.'⌠....###....⌠'.#.#.....
..#
#.#......<......#........>
... ..
#..⌠...>...⌠..#.........
... ##
###'#######'###..#######
... #...................#
.# .....................#
# ##....#.############## #
####.#.#


You could see a worm, a jelly, a jackal and a rat.

Vanquished Creatures
  An ooze (D:1)
  3 bats (D:1)
  9 giant cockroaches
  4 goblins (D:1)
  2 hobgoblins (D:1)
  2 jackals (D:1)
  5 kobolds
  A quokka (D:2)
  7 rats (D:1)
34 creatures vanquished.

Notes
Turn   | Place    | Note
-------+----------+-------------------------------------------
     0 | Abyss:1  | Mithandil the Demonspawn Abyssal Knight began the quest for
                  | the Orb.
     0 | Abyss:1  | Reached XP level 1. HP: 18/18 MP: 2/2
   104 | Abyss:1  | Noticed a smoke demon
   106 | D:1      | Escaped the Abyss
   106 | D:1      | Noticed a jelly
   108 | D:1      | Found a runed translucent door.
   132 | D:1      | Reached * piety under Lugonu
   132 | D:1      | Reached skill level 1 in Dodging
   200 | D:2      | Found Gozag's Platinum Reserve.
   205 | D:2      | Found an opulent altar of Gozag.
   276 | D:2      | Gained mutation: You have sharp toenails. [demonic
                  | ancestry]
   276 | D:2      | Reached XP level 2. HP: 18/24 MP: 3/3
   673 | D:1      | Reached XP level 3. HP: 29/29 MP: 5/5
   753 | D:1      | Splashed by a jelly's acid

Levels and vault maps discovered:
D:1:      dpeg_arrival_caged_fury, layout_basic
D:2:      layout_rooms, tso_oasis_becter, nicolae_gozag_zags_fifth_avenue,
          first_ration, patterned_corridor

Skill      XL: |  1  2  3 |
---------------+----------+-----
Dodging        | 1 |  1.1
Long Blades    | 2 |  2.3
Armour         | 2 |  2.0
Fighting       | |  3.5
Stealth        | |  0.8
Invocations    | |  2.9

Action                   || total
-------------------------++-------
Melee: Falchion          ||    82
       Kick              ||    23
Invok: Depart the Abyss  ||     1
  Use: Potion            ||     2
Armor: Leather armour    ||    11
       Scale mail        ||    40
Dodge: Dodged            ||    80
       Rpst.: Falchion   ||    21

Table legend:
 A = Non-vault XP
 B = Vault XP
 C = Vault XP percentage of total XP
 D = Non-vault monster count
 E = Vault monster count
 F = Vault count percentage of total count
                 A         B        C        D         E       F
            +---------+---------+-------+---------+---------+-------
      Total |      45 |      20 |  30.8 |      26 |       8 |  23.5
            +---------+---------+-------+---------+---------+-------
        D:1 |      39 |      20 |  33.9 |      23 |       8 |  25.8
        D:2 |       6 |       0 |   0.0 |       3 |       0 |   0.0
            +---------+---------+-------+---------+---------+-------
